 Dungeon Crawl Stone Soup version 0.23.2 (webtiles) character file.

Game seed: 8754009298744450027

10156 Borgoz the Slicer (level 11, -5/67 HPs)
             Began as a Gargoyle Gladiator on Apr 5, 2019.
             Was a Follower of Ashenzari.
             Slain by an ice beast (10 damage)
             ... summoned by Fannar
             ... on level 11 of the Dungeon.
             The game lasted 00:25:36 (11634 turns).

Borgoz the Slicer (Gargoyle Gladiator)             Turns: 11634, Time: 00:25:36

Health: -5/67      AC: 16    Str: 19    XL:     11   Next: 57%
Magic:  18/18      EV: 16    Int:  8    God:    Ashenzari [*.....]
Gold:   521        SH:  2    Dex: 14    Spells: 16/20 levels left

rFire    . . .     SeeInvis .   o - +2 short sword (speed)
rCold    . . .     Gourm    .   (no shield)
rNeg     + + .     Faith    .   C - +1 leather armour {MR+}
rPois    ∞         Spirit   .   A - +0 helmet
rElec    +         Reflect  +   G - scarf {cloud immunity}
rCorr    +         Harm     .   L - +0 pair of gloves
MR       +....                  E - +0 pair of boots
Stlth    +++.......             w - +2 amulet of reflection
HPRegen  0.21/turn              b - ring of positive energy
MPRegen  0.16/turn              l - ring of resist corrosion

@: about to teleport
A: negative energy resistance 1, electricity resistance, unbreathing,
petrification resistance, rot immunity, AC +8
a: Curse Item, Scrying, Renounce Religion


You were on level 11 of the Dungeon.
You worshipped Ashenzari.
Ashenzari was aware of your devotion.
You were hungry.

You visited 3 branches of the dungeon, and saw 13 of its levels.

You collected 566 gold pieces.
You spent 45 gold pieces at shops.

Inventory:

Hand Weapons
 a - a +0 rapier
 o - a +2 short sword of speed (weapon)
 x - a +0 rapier
Missiles
 D - 2 javelins (quivered)
Armour
 A - a +0 helmet (worn)
 C - a +1 leather armour of magic resistance (worn)
 E - a +0 pair of boots (worn)
 G - a scarf of cloud immunity (worn)
 L - a +0 pair of gloves (worn)
Jewellery
 b - a ring of positive energy (left hand)
 h - an uncursed ring of positive energy
 l - a ring of resist corrosion (right hand)
 t - an uncursed ring of ice
 w - a +2 amulet of reflection (around neck)
Wands
 c - a wand of iceblast (1)
 m - a wand of paralysis (3)
 J - a wand of polymorph (15)
 N - a wand of flame (21)
 P - a wand of enslavement (10)
Scrolls
 d - a scroll of torment {unknown}
 e - a scroll of immolation {unknown}
 j - 2 scrolls of blinking {unknown}
 k - 10 scrolls of remove curse
 n - 2 scrolls of fog {unknown}
 q - 5 scrolls of enchant weapon {unknown}
 s - a scroll of amnesia {unknown}
 u - a scroll of random uselessness {unknown}
 v - a scroll of enchant armour {unknown}
 y - 4 scrolls of teleportation
 H - 2 scrolls of magic mapping {unknown}
 I - a scroll of fear {unknown}
Potions
 g - a potion of magic
 i - 2 potions of cancellation
 r - a potion of heal wounds {unknown}
 z - 3 potions of resistance
 F - 3 potions of might
 K - a potion of degeneration {unknown}
 M - a potion of haste {unknown}
 O - a potion of ambrosia {unknown}
Comestibles
 f - 20 rations


   Skills:
 + Level 7.0 Fighting
 * Level 8.4 Short Blades
 - Level 1.7 Throwing
 + Level 6.5 Armour
 * Level 7.7 Dodging
 + Level 7.0 Stealth
 - Level 5.0 Spellcasting
 - Level 5.0 Hexes


You had 16 spell levels left.
You knew the following spells:

 Your Spells              Type           Power        Failure   Level  Hunger
a - Confusing Touch       Hex            ##....       3%          1    #......
b - Confuse               Hex            ##......     12%         3    ###....

Your spell library contained the following spells:

 Spells                   Type           Power        Failure   Level  Hunger
 Shroud of Golubria       Chrm/Tloc      #.........   41%         2    ##.....
 Song of Slaying          Chrm           #.......     41%         2    ##.....
 Gell's Gravitas          Tloc           #.........   65%         3    ###....
 Petrify                  Tmut/Erth      #.......     96%         4    #####..
 Throw Icicle             Conj/Ice       #.......     96%         4    #####..
 Metabolic Englaciation   Hex/Ice        #.........   96%         5    ######.
 Yara's Violent Unravell  Hex/Tmut       #.........   96%         5    ######.
 Iskenderun's Battlesphe  Conj/Chrm      #.......     100%        5    ######.
 Ring of Flames           Chrm/Fire      #.........   100%        7    #######


Dungeon Overview and Level Annotations

Branches:
Dungeon (11/15)            Temple (1/1) D:5            Lair (0/6) D:9
    Orc (1/2) D:11

Altars:
Ashenzari
Cheibriados
Dithmenos
Elyvilon
Fedhas
Gozag
Hepliaklqana
Kikubaaqudgha
Makhleb
Nemelex Xobeh
Okawaru
Qazlal
Ru
Sif Muna
Trog
Uskayaw
Vehumet
Xom
Yredelemnul
Zin
The Shining One

Shops:
D:7 (   D:9 [

Annotations:
D:8 3 runed translucent doors, dhn's ghost, novice MiFi
D:11 Fannar
Orc:1 Erolcha


Innate Abilities, Weirdness & Mutations

You are resistant to torment.
Your stone body is resilient. (AC +8)
You are immune to poison.
You resist negative energy. (rN+)
You are resistant to electric shocks. (rElec)
You can survive without breathing.
You are immune to petrification.
You are immune to rotting.


Message History

Fannar is almost dead.
Fannar hits you but does no damage.
A skeletal warrior comes into view. It is wielding a +0 short sword.
You hit Fannar but do no damage.
Fannar is almost dead.
Fannar barely misses you.
The ice beast hits you but does no damage.
A skeletal warrior comes into view. It is wielding a +0 long sword.
As you read the scroll of teleportation, it crumbles to dust.
You feel strangely unstable.
The skeletal warrior hits you with a +0 short sword.
* * * LOW HITPOINT WARNING * * *
Fannar hits you with a +0 quarterstaff of freezing!
* * * LOW HITPOINT WARNING * * *
Fannar freezes you.
* * * LOW HITPOINT WARNING * * *
The ice beast hits you.
* * * LOW HITPOINT WARNING * * *
The ice beast freezes you!
You die...

...# .# ### ...# #.# .#
..# ##.".# #.# .# #.#
#...z## ##.##.## #.#
#...... ......## ##.###..#
#z #......## .....)..# #..
##.......## ######.(#
#...##Y........## #..#
#...z@eY........!
######..####...####.....##
.)............. ##...##
.........##### ##.##
..####....# #..## #.# ###
#...#####...####.######
#...##....8....#......#
#...##.........######.#
######...##.........# #.#


You could see Fannar, 3 skeletal warriors and 2 ice beasts.

Vanquished Creatures
  Harold (D:8)
  2 two-headed ogres
  A tengu warrior (D:11)
  An ugly thing (D:11)
  2 slime creatures (D:10)
  Maurice (D:8)
  A troll (D:10)
  A hornet (D:11)
  Eustachio (D:4)
  4 yaks (D:10)
  A steam dragon (D:9)
  3 hungry ghosts (D:11)
  Edmund (D:6)
  2 water moccasins (D:10)
  2 ice beasts
  A sky beast (D:5)
  2 black bears (D:9)
  A hornet zombie (D:5)
  2 phantoms (D:9)
  6 centaurs
  A necrophage (D:11)
  6 ogres
  A big kobold (D:11)
  2 bullfrogs
  A gnoll sergeant (D:9)
  2 scorpions
  A water moccasin zombie (D:9)
  A troll zombie (D:11)
  9 killer bees
  4 howler monkeys (D:9)
  2 crimson imps
  A quasit (D:10)
  A bullfrog zombie (D:10)
  3 bullfrog skeletons
  4 hounds
  2 centaur skeletons
  4 orc priests
  A gnoll shaman (D:6)
  An iguana (D:8)
  Terence (D:3)
  5 orc wizards
  5 worker ants
  7 ogre zombies (D:11)
  2 hound zombies
  2 hound skeletons
  2 worker ant zombies
  10 gnolls
  9 adders
  5 shadow imps
  An ooze (D:2)
  A worm (D:6)
  2 leopard geckos
  16 orcs
  2 bats (D:1)
  2 giant cockroaches
  9 goblins
  A hobgoblin (D:3)
  9 jackals
  3 quokkas
  3 ball pythons
  4 frilled lizards
  4 goblin zombies (D:11)
  A hobgoblin skeleton (D:11)
  3 hobgoblin zombies (D:11)
  10 kobolds
  A leopard gecko skeleton (D:5)
  17 orc zombies (D:11)
  A quokka skeleton (D:4)
  A quokka zombie (D:5)
  5 rats
227 creatures vanquished.

Vanquished Creatures (others)
  A quokka zombie (D:6)
  3 fungi (D:8)
  A plant (D:8)
5 creatures vanquished.

Grand Total: 232 creatures vanquished

Notes
Turn   | Place    | Note
-------+----------+-------------------------------------------
     0 | D:1      | Borgoz the Gargoyle Gladiator began the quest for the Orb.
     0 | D:1      | Reached XP level 1. HP: 12/12 MP: 1/1
   237 | D:1      | Reached XP level 2. HP: 14/18 MP: 2/2
   518 | D:1      | Reached skill level 3 in Short Blades
   792 | D:2      | Found a stormy altar of Qazlal.
   826 | D:2      | Reached XP level 3. HP: 22/22 MP: 3/3
  1240 | D:2      | Found a faded altar of an unknown god.
  1546 | D:3      | Learned a level 1 spell: Confusing Touch
  1656 | D:3      | Reached skill level 1 in Stealth
  1663 | D:3      | Found a snail-covered altar of Cheibriados.
  1770 | D:3      | Reached skill level 1 in Armour
  2022 | D:3      | Noticed Terence
  2033 | D:3      | Killed Terence
  2033 | D:3      | Reached XP level 4. HP: 27/27 MP: 4/4
  2176 | D:4      | Noticed Eustachio
  2197 | D:4      | Killed Eustachio
  2197 | D:4      | Reached skill level 1 in Spellcasting
  2197 | D:4      | Reached skill level 1 in Hexes
  2197 | D:4      | Reached XP level 5. HP: 32/32 MP: 4/6
  2197 | D:4      | Reached XP level 6. HP: 37/37 MP: 4/7
  2434 | D:4      | Found a sacrificial altar of Ru.
  3092 | D:5      | Entered Level 5 of the Dungeon
  3140 | D:5      | Found a staircase to the Ecumenical Temple.
  3172 | Temple   | Entered the Ecumenical Temple
  3358 | D:5      | Reached skill level 4 in Short Blades
  3383 | D:5      | Found a shattered altar of Ashenzari.
  3456 | D:5      | Became a worshipper of Ashenzari the Shackled
  3506 | D:5      | Reached XP level 7. HP: 29/41 MP: 9/9
  3845 | D:5      | Found a basalt altar of Yredelemnul.
  4053 | D:6      | Noticed Edmund
  4399 | D:6      | Killed Edmund
  4399 | D:6      | Reached XP level 8. HP: 47/48 MP: 11/11
  4489 | D:6      | Reached skill level 5 in Short Blades
  4606 | D:6      | HP: 1/48 [centaur/arrow (10)]
  5640 | D:7      | Reached skill level 5 in Dodging
  5765 | D:7      | Reached XP level 9. HP: 36/52 MP: 13/13
  5865 | D:7      | Found Tapinofi's Weapon Shop.
  5874 | D:7      | Bought a throwing net for 45 gold pieces
  6729 | D:8      | Found a shadowy altar of Dithmenos.
  6767 | D:8      | Reached skill level 6 in Short Blades
  6964 | D:8      | Noticed Harold
  6989 | D:8      | Killed Harold
  6989 | D:8      | Reached skill level 5 in Fighting
  7016 | D:8      | Reached skill level 5 in Stealth
  7240 | D:8      | Found a deep blue altar of Sif Muna.
  7380 | D:8      | Found a runed translucent gate.
  7380 | D:8      | Found a runed translucent gate.
  7380 | D:8      | Found a runed translucent gate.
  7380 | D:8      | Noticed a kobold demonologist
  7381 | D:8      | Noticed dhn's ghost (novice MiFi)
  7512 | D:8      | Reached * piety under Ashenzari
  7618 | D:8      | Noticed Maurice
  7620 | D:8      | Paralysed by Maurice for 6 turns
  7634 | D:8      | Killed Maurice
  7634 | D:8      | Reached skill level 5 in Armour
  7634 | D:8      | Reached XP level 10. HP: 59/59 MP: 14/16
  8421 | D:9      | Found Ofaij's Armour Shoppe.
  8444 | D:9      | Found a shimmering altar of Xom.
  8509 | D:9      | Reached skill level 7 in Short Blades
  8714 | D:9      | Found a glowing golden altar of the Shining One.
  8767 | D:9      | Found a staircase to the Lair.
  8972 | D:10     | Entered Level 10 of the Dungeon
 10085 | D:10     | Identified the Compendium of Lucky Cold
 10091 | D:10     | Learned a level 3 spell: Confuse
 10153 | D:10     | Noticed a two-headed ogre
 10165 | D:10     | Killed a two-headed ogre
 10165 | D:10     | Reached skill level 5 in Spellcasting
 10165 | D:10     | Reached XP level 11. HP: 66/66 MP: 18/18
 10491 | D:11     | Noticed a tengu warrior
 10514 | D:11     | Killed a tengu warrior
 10637 | D:11     | Found a staircase to the Orcish Mines.
 10637 | D:11     | Noticed a two-headed ogre
 10656 | D:11     | Noticed a red ugly thing
 10676 | D:11     | Reached skill level 8 in Short Blades
 10727 | D:11     | Killed a red ugly thing
 10733 | D:11     | Reached skill level 5 in Hexes
 10737 | D:11     | Killed a two-headed ogre
 11108 | Orc:1    | Entered Level 1 of the Orcish Mines
 11112 | Orc:1    | Noticed Erolcha
 11382 | D:11     | Noticed a skeletal warrior
 11563 | D:11     | Noticed Fannar
 11632 | D:11     | Noticed a skeletal warrior
 11633 | D:11     | Noticed a skeletal warrior
 11634 | D:11     | Slain by an ice beast

Skill      XL: |  1  2  3  4  5  6  7  8  9 10 11 |
---------------+----------------------------------+-----
Short Blades   | 3 4 5 6 7 8 |  8.4
Stealth        | 1 2 3 4 5 6 7 |  7.0
Dodging        | 3 4 5 6 7 |  7.7
Armour         | 1 2 3 5 6 |  6.5
Fighting       | 3 4 5 6 7 |  7.0
Spellcasting   | 1 2 3 4 5 |  5.0
Hexes          | 1 2 3 4 5 |  5.0
Throwing       | |  1.7

Action                   |  1- 3 |  4- 6 |  7- 9 | 10-12 || total
-------------------------+-------+-------+-------+-------++-------
Melee: Rapier            |   129 |       |       |       ||   129
       Short sword       |    10 |    70 |   550 |   895 ||  1525
Throw: Throwing net      |       |       |     9 |     9 ||    18
Evoke: Wand              |       |       |     7 |     8 ||    15
  Use: Scroll            |       |       |     8 |     2 ||    10
       Potion            |       |       |     6 |       ||     6
 Stab: Sleeping          |       |       |     8 |     3 ||    11
       Held in net/web   |       |       |     8 |    12 ||    20
       Paralysed         |       |       |       |     4 ||     4
  Eat: Chunk             |     3 |     2 |    10 |    14 ||    29
       Ration            |       |     1 |     1 |     2 ||     4
Armor: Ring mail         |    54 |    19 |    37 |       ||   110
       Leather armour    |       |       |   104 |   154 ||   258
Dodge: Dodged            |    89 |    24 |   261 |   271 ||   645
Block: Other             |       |     1 |    30 |    22 ||    53
       Reflection        |       |       |     1 |     2 ||     3
